 Dungeon Crawl Stone Soup version 0.26.1-2-gb8aa6d0cf2 (webtiles) character file.

Game seed: 9331395014600072853

106 skwiii the Skirmisher (level 4, 0/37 HPs)
             Began as a Demonspawn Abyssal Knight on Feb 19, 2021.
             Was a Follower of Lugonu.
             Hit by a stone thrown by a gnoll (5 damage)
             ... on level 3 of the Dungeon.
             The game lasted 00:06:12 (3094 turns).

skwiii the Skirmisher (Demonspawn Abyssal Knight)   Turns: 3094, Time: 00:06:13

Health: 0/37       AC:  6    Str: 13    XL:     4   Next: 55%
Magic:  6/6        EV: 10    Int: 13    God:    Lugonu [*.....]
Gold:   58         SH:  0    Dex: 13    Spells: 3/3 levels left

rFire    . . .     SeeInvis .   a - +1 hand axe
rCold    . . .     Faith    .   (no shield)
rNeg     . . .     Spirit   .   f - +0 ring mail
rPois    .         Reflect  .   (no helmet)
rElec    .         Harm     .   (no cloak)
rCorr    .         Rampage  .   (no gloves)
Will     .....                  c - +0 pair of boots
Stlth    +.........             (no amulet)
HPRegen  0.12/turn              (no ring)
MPRegen  0.10/turn              (no ring)

@: no status effects
A: demonic guardian 1
a: Renounce Religion, Depart the Abyss


You were on level 3 of the Dungeon.
You worshipped Lugonu.
Lugonu was aware of your devotion.
You visited 1 branch of the dungeon, and saw 3 of its levels.
You visited the Abyss 1 time.

You collected 58 gold pieces.

Inventory:

Hand Weapons
 a - a +1 hand axe (weapon)
Armour
 b - a +0 leather armour
 c - a +0 pair of boots (worn)
 f - a +0 ring mail (worn)
 o - a +0 plate armour
Scrolls
 d - a scroll of amnesia
 e - a scroll of teleportation {unknown}
 g - a scroll of blinking {unknown}
 h - a scroll of remove curse
 i - a scroll of enchant weapon {unknown}
 k - a scroll of enchant armour {unknown}
Potions
 j - a potion of lignification {unknown}
 l - a potion of curing {unknown}
 m - a potion of brilliance {unknown}
 n - a potion of attraction {unknown}


   Skills:
 * Level 4.1 Fighting
 + Level 2.5 Axes
 + Level 2.4 Armour
 - Level 0.8 Dodging
 + Level 3.5 Invocations


You had 3 spell levels left.
You didn't know any spells.
Your spell library was empty.

Dungeon Overview and Level Annotations

Branches:
Dungeon (3/15)

Altars:


Innate Abilities, Weirdness & Mutations

A weak demonic guardian rushes to your aid.


Message History

Found a scroll of identify.
The dart slug launches a dart at you. The slug dart hits you!
* * * LOW HITPOINT WARNING * * *
You see here a smoky red potion.
The orc priest closely misses your quasit.
Your quasit bites the orc priest.
Your quasit claws the orc priest. x2
A frilled lizard comes into view.
The frilled lizard hisses angrily.
The frilled lizard bites you.
* * * LOW HITPOINT WARNING * * *
You hit the frilled lizard but do no damage.
The frilled lizard closely misses you. The frilled lizard bites you.
* * * LOW HITPOINT WARNING * * *
You open the door. 2 gnolls come into view.
The gnoll shouts!
You hear a shout!
You hear an angry hiss.
An adder comes into view.
The gnoll throws a stone.
The stone hits you.
You die...

# [. ..S g..) .....
#####...... ####
+.l@'..g... ..#
###.#?..... #.#
...###5###########.####
#...........5.o.........
#....##########w..##.###
#... #!..##..# ###
#...###.# #...# ..
...... #.#


You could see 2 gnolls, an adder, a frilled lizard and a friendly quasit
(summoned).

Vanquished Creatures
  An orc wizard (D:3)
  An ooze (D:2)
  5 leopard geckos
  An orc (D:3)
  6 giant cockroaches
  5 goblins
  5 hobgoblins
  2 jackals (D:1)
  4 kobolds
  2 ball pythons (D:1)
  4 bats
  3 frilled lizards
  5 rats
44 creatures vanquished.

Vanquished Creatures (collateral kills)
  An orc priest (D:3)
  4 orcs (D:3)
  A hobgoblin (D:3)
6 creatures vanquished.

Grand Total: 50 creatures vanquished

Notes
Turn   | Place    | Note
-------+----------+-------------------------------------------
     0 | Abyss:1  | skwiii the Demonspawn Abyssal Knight began the quest for
                  | the Orb.
     0 | Abyss:1  | Reached XP level 1. HP: 18/18 MP: 2/2
     0 | D:1      | Escaped the Abyss
   352 | D:1      | Gained mutation: A weak demonic guardian rushes to your
                  | aid. [demonic ancestry]
   352 | D:1      | Reached XP level 2. HP: 23/24 MP: 4/4
   383 | D:1      | Reached * piety under Lugonu
  1393 | D:2      | Reached XP level 3. HP: 27/29 MP: 5/5
  2741 | D:2      | Noticed a phantom
  2937 | D:3      | Reached skill level 4 in Fighting
  2937 | D:3      | Reached XP level 4. HP: 30/37 MP: 6/6
  3094 | D:3      | Hit by a stone thrown by a gnoll

Illustrated notes

Levels and vault maps discovered:
D:1:      dpeg_arrival_boxorama, layout_loops_ring, corexii_hall_statues_l,
          minmay_tetromino_l2
D:2:      kennysheep_big_flooded_room, layout_loops_cross,
          gammafunk_temple_overflow_elements, minmay_ruptured
D:3:      cheibrodos_pilgrimage, layout_basic

Skill      XL: |  1  2  3 |
---------------+----------+-----
Axes           | 2 |  2.5
Armour         | 2 |  2.4
Invocations    | 3 |  3.5
Fighting       | 4 |  4.1
Dodging        | |  0.8

Action                   |  1- 3 |  4- 6 || total
-------------------------+-------+-------++-------
Melee: Hand axe          |   136 |     9 ||   145
Invok: Depart the Abyss  |     1 |       ||     1
  Use: Scroll            |     5 |     2 ||     7
 Stab: Sleeping          |     1 |       ||     1
Armor: Leather armour    |    29 |       ||    29
       Ring mail         |     8 |     6 ||    14
Dodge: Dodged            |    82 |     8 ||    90
